 Dungeon Crawl Stone Soup version 0.32-a0-86-g8db1b9f803 (webtiles) character file.

Game seed: 878680123244099973

2801 jasper the Carver (level 9, -2/96 HPs)
             Began as a Barachi Reaver on Feb 5, 2024.
             Was a Believer of Cheibriados.
             Slain by an orc
             ... wielding a +2 heavy trident
              (9 damage)
             ... on level 8 of the Dungeon.
             The game lasted 00:14:18 (9549 turns).

jasper the Carver (Barachi Reaver)                  Turns: 9549, Time: 00:14:19

Health: -2/96      AC:  6    Str: 18    XL:     9   Next: 71%
Magic:  12/12      EV: 13    Int: 20    God:    Cheibriados [**....]
Gold:   303        SH:  0    Dex: 16    Spells: 9/12 levels left

rFire   + . .        a - +1 falchion
rCold   . . .        (no shield)
rNeg    . . .        m - +2 leather armour "Cihedach" {rF+ Stlth+}
rPois   .            u - +0 helmet
rElec   .            (no cloak)
rCorr   .            (no gloves)
SInv    .            (no boots)
Will    .....        (no amulet) Stlth
                     (no ring)
HPRegen 0.36/turn    (no ring)
MPRegen 0.13/turn

%: no passive effects
@: mighty, berserking, unable to hop, studying Ranged Weapons, very slow
A: amphibious, slowness 1, strong legs 1, +LOS
a: Hop, Renounce Religion, Bend Time


You were on level 8 of the Dungeon.
You worshipped Cheibriados.
Cheibriados was pleased with you.
You visited 2 branches of the dungeon, and saw 9 of its levels.

You collected 339 gold pieces.
You spent 36 gold pieces at shops.

Inventory:

Hand Weapons
 a - a +1 falchion (weapon)
 c - a +0 short sword
 n - a +2 dagger of freezing
Missiles
 l - 22 stones (quivered)
 r - 31 poisoned darts
Armour
 b - a +0 leather armour
 g - a +0 ring mail
 h - a +1 hat
 k - a +0 scale mail
 m - the +2 leather armour "Cihedach" (worn) {rF+ Stlth+}
   (You found it on level 2 of the Dungeon)

   rF+:       It protects you from fire.
   Stlth+:    It makes you more stealthy.
 s - the +1 chain mail "Hoqe" {Rampage Will- MP+9}
   (You found it on level 7 of the Dungeon)

   Will-:     It decreases your willpower.
   MP+9:      It affects your magic capacity (+9).
   Rampage:   It bestows one free step when moving towards enemies.
   Cheibriados disapproves of the use of such an item.
 u - a +0 helmet (worn)
 x - a +2 leather armour of cold resistance
Jewellery
 y - a ring of wizardry
Wands
 v - a wand of digging (11)
Scrolls
 e - 2 scrolls of fog
 o - 3 scrolls of blinking
 p - 2 scrolls of teleportation
 q - a scroll of immolation
 t - 3 scrolls of identify
Potions
 d - a potion of resistance
 f - a potion of magic
 i - a potion of mutation
 j - a potion of brilliance
 w - a potion of enlightenment
 C - a potion of degeneration {unknown}


   Skills:
 + Level 3.5 Fighting
 - Level 14.0 Long Blades
 - Level 0.1 Armour
 + Level 3.2 Dodging
 - Level 5.1 Stealth
 - Level 2.1 Spellcasting
 - Level 3.2 Conjurations


You had 9 spell levels left.
You knew the following spells:

 Your Spells              Type           Power      Damage    Failure   Level
a - Kiss of Death         Conj/Necr      32%        2d7       10%         1
b - Blink                 Tloc           4%         N/A       28%         2

Your spell library contained the following spells:

 Spells                   Type           Power      Damage    Failure   Level
 Momentum Strike          Conj/Tloc      16%        3d8       14%         2
 Lesser Beckoning         Tloc           4%         N/A       28%         2
 Hailstorm                Conj/Ice       8%         3d5       28%         3


Dungeon Overview and Level Annotations

Branches:
Dungeon (8/15)             Temple (1/1) D:6
   Lair: D:8-11

Altars:
Ashenzari
Cheibriados
Dithmenos
Elyvilon
Fedhas
Gozag
Hepliaklqana
Kikubaaqudgha
Makhleb
Nemelex Xobeh
Okawaru
Qazlal
Ru
Sif Muna
Trog
Uskayaw
Vehumet
Wu Jian
Xom
Yredelemnul
Zin
The Shining One

Shops:
D:7 *

Annotations:
D:5 3 runed translucent doors, pokeman's ghost, amateur DEHW; shadowhawk's ghost, amateur TrFi; zenocrate's ghost, weakling KoDe
D:8 Maggie; Prince Ribbit


Innate Abilities, Weirdness & Mutations

You are amphibious.
You cover ground slowly.
You can hop short distances.
You have an extended range of vision and can be seen from far away.


Message History

You hit the orc warrior. You punch the orc warrior.
The orc warrior is moderately wounded.
You hit the orc warrior but do no damage.
You punch the orc warrior.
The orc warrior is heavily wounded.
The orc warrior hits you with a +0 short sword!
* * * LOW HITPOINT WARNING * * *
The orc closely misses you.
You take 6 damage, and have 15/63 hp.
Okay, then.
You feel better.
The orc warrior hits you with a +0 short sword.
* * * LOW HITPOINT WARNING * * *
You feel very mighty all of a sudden. The orc barely misses you.
The orc warrior hits you with a +0 short sword!
* * * LOW HITPOINT WARNING * * *
You take 10 damage, and have 5/63 hp.
Unknown command.
Press < or > to pray at altars.
You hit the orc warrior. You punch the orc warrior!
The orc warrior is almost dead.
The orc warrior hits you but does no damage.
It was a potion of berserk rage.
A red film seems to cover your vision as you go berserk!
Cheibriados protects you from inadvertent hurry.
You feel mighty!
The orc hits you from afar with a +2 heavy trident.
* * * LOW HITPOINT WARNING * * *
The orc warrior hits you but does no damage.
You now have 7/94 hp.
The orc shouts!
You slash the orc warrior!
You kill the orc warrior!
Cheibriados appreciates the change of pace.
You hear a shout!
You hear a bellow!
You hear a croak.
You hear a shout!
Your Dodging skill increases to level 3!
The orc hits you with a +2 heavy trident!
You die...
Cheibriados appreciates the motionlessness of death.

#......Y.. ..
...#..o.# ##..
.......# .... .
......+.... ..
.....#.. .#. ......
# .... ###...####
.# .....
#_##Y....#..#
......##@oo.......#
..##J..#J.........#
..........~....#..#
.#........~..### #
.......⌠.........
.................
..................
.F......#..#.###..
..###.#....... ..


You could see a yak, a jelly and 2 orcs.

Vanquished Creatures
  Grinder (D:5)
  Edmund (D:4)
  A water moccasin (D:6)
  2 black bears
  An orc warrior (D:8)
  An ice beast (D:6)
  A sky beast (D:6)
  An ogre (D:6)
  3 centaurs
  2 phantoms
  2 bullfrogs
  3 scorpions
  4 wights
  A bombardier beetle (D:5)
  3 hounds
  2 jellies (D:6)
  A gnoll bouda (D:4)
  5 orc priests
  A sleepcap (D:6)
  6 iguanas
  4 orc wizards
  Robin (D:4)
  13 adders
  5 gnolls
  2 white imps
  2 ribbon worms
  4 dart slugs
  14 orcs
  8 ball pythons
  10 endoplasms
  6 giant cockroaches
  16 goblins
  13 hobgoblins
  4 jackals (D:5)
  10 kobolds
  4 quokkas
  5 bats
  2 frilled lizards
  8 rats
173 creatures vanquished.

Notes
Turn   | Place    | Note
-------+----------+-------------------------------------------
     0 | D:1      | jasper the Barachi Reaver began the quest for the Orb.
     0 | D:1      | Reached XP level 1. HP: 17/17 MP: 3/3
   159 | D:1      | Reached skill level 4 in Long Blades
   222 | D:1      | Reached XP level 2. HP: 15/23 MP: 5/5
   606 | D:1      | Reached XP level 3. HP: 28/28 MP: 6/6
   613 | D:1      | Reached skill level 5 in Long Blades
  1438 | D:2      | Reached XP level 4. HP: 33/34 MP: 7/7
  1507 | D:2      | Identified the +2 leather armour "Cihedach" {rF+ Stlth+}
  1588 | D:2      | Reached skill level 6 in Long Blades
  1884 | D:3      | Reached skill level 7 in Long Blades
  1884 | D:3      | Reached XP level 5. HP: 6/39 MP: 8/8
  3038 | D:4      | Noticed a black bear
  3057 | D:4      | Killed a black bear
  3058 | D:4      | Reached skill level 8 in Long Blades
  3058 | D:4      | Reached XP level 6. HP: 18/39 MP: 6/9
  3198 | D:4      | Noticed Edmund
  3276 | D:5      | Entered Level 5 of the Dungeon
  3459 | D:5      | Reached skill level 9 in Long Blades
  3459 | D:5      | Reached XP level 7. HP: 36/51 MP: 10/10
  3668 | D:5      | Found a runed translucent gate.
  3668 | D:5      | Found a runed translucent gate.
  3668 | D:5      | Found a runed translucent gate.
  3668 | D:5      | Noticed pokeman's ghost (amateur DEHW)
  3670 | D:5      | Noticed zenocrate's ghost (weakling KoDe)
  3670 | D:5      | Noticed shadowhawk's ghost (amateur TrFi)
  4041 | D:5      | Reached skill level 10 in Long Blades
  4584 | D:5      | Noticed Grinder
  4604 | D:5      | Killed Grinder
  4605 | D:5      | Reached skill level 11 in Long Blades
  4605 | D:5      | Reached XP level 8. HP: 29/57 MP: 11/11
  5219 | D:6      | Found a shadowy altar of Dithmenos.
  5219 | D:6      | Found a bloodstained altar of Trog.
  5219 | D:6      | Found a sacrificial altar of Ru.
  5229 | D:6      | Reached skill level 12 in Long Blades
  5518 | D:6      | You fall into a shaft and drop 2 floors!
  5528 | D:8      | Noticed Maggie
  5625 | D:7      | Found Veeq's General Store.
  5630 | D:7      | Bought a potion of curing for 36 gold pieces
  5715 | D:7      | Identified the +1 chain mail "Hoqe" {Rampage Will- MP+9}
  6127 | D:7      | Reached skill level 13 in Long Blades
  6533 | D:6      | Reached XP level 9. HP: 55/62 MP: 12/12
  6567 | D:6      | Learned a level 2 spell: Blink
  6619 | D:6      | Found a staircase to the Ecumenical Temple.
  6630 | Temple   | Entered the Ecumenical Temple
  6636 | Temple   | Became a worshipper of Cheibriados the Contemplative
  6737 | D:6      | Reached skill level 14 in Long Blades
  6865 | D:6      | Found a glowing silver altar of Zin.
  6917 | D:6      | Reached skill level 1 in Stealth
  7868 | D:4      | Found a sparkling altar of Nemelex Xobeh.
  7869 | D:4      | Found a broken altar of Ashenzari.
  7962 | D:4      | Killed Edmund
  7980 | D:4      | Reached * piety under Cheibriados
  8435 | D:4      | Noticed Robin
  8485 | D:4      | Reached skill level 5 in Stealth
  8493 | D:4      | Killed Robin
  8586 | D:4      | Reached ** piety under Cheibriados
  9415 | D:8      | Found a glowing golden altar of the Shining One.
  9534 | D:8      | Noticed Prince Ribbit
  9549 | D:8      | Slain by an orc

Illustrated notes

Levels and vault maps discovered:
D:1:      evilmike_arrival_come_back, layout_basic, roderic_cross_of_infinity,
          kennysheep_boxes
D:2:      layout_basic
D:3:      layout_loops_ring, minmay_misc_feat_square, minmay_crystal_water,
          minmay_divided_ellipse
D:4:      layout_cave_pods, mainiacjoe_overflow_divided_tiny,
          minmay_misc_feat_x, minmay_manual_mandibuliform, uniq_edmund,
          uniq_robin
D:5:      layout_basic, gammafunk_ghost_cemetery, uniq_grinder
D:6:      layout_layer_cave, nicolae_overflow_quartered_altars,
          minmay_temple_entry_glass, st_stairs_2,
          serial_library_hellmonk_hallway_b
D:7:      layout_basic, serial_shops, nicolae_shop_rolling_square, hex_large
D:8:      nzn_winding_woodlands_cross [nzn_winding_woodlands_5x15_zeroes,
          nzn_winding_woodlands_5x15_longhouse,
          nzn_winding_woodlands_5x15_default,
          nzn_winding_woodlands_5x15_split_checker,
          nzn_winding_woodlands_15x15_thick_spiral], layout_basic,
          tso_oasis_becter, serial_shops, nicolae_shop_window_shopping,
          uniq_grum, uniq_prince_ribbit1, uniq_maggie
Temple:   hellmonk_temple_two_chambers

Skill      XL: |  1  2  3  4  5  6  7  8  9 |
---------------+----------------------------+-----
Long Blades    | 4 5 7 8 9 11 13 14 | 14.0
Stealth        | 5 |  5.1
Fighting       | 3 |  3.5
Dodging        | 3 |  3.2
Armour         | |  0.1
Spellcasting   | |  2.1
Conjurations   | |  3.2

Action                     |  1- 3 |  4- 6 |  7- 9 || total
---------------------------+-------+-------+-------++-------
  Melee: Falchion          |    98 |   219 |   515 ||   832
         Punch             |     3 |     9 |    35 ||    47
  Throw: Stone             |       |     9 |    26 ||    35
         Dart              |       |     4 |    30 ||    34
   Cast: Kiss of Death     |       |     3 |       ||     3
Ability: Hop               |     1 |     3 |     5 ||     9
    Use: Scroll            |       |     9 |     6 ||    15
         Potion            |       |       |     9 ||     9
   Stab: Sleeping          |       |     5 |     7 ||    12
         Distracted        |       |       |     1 ||     1
 Armour: Leather armour    |    23 |   141 |   272 ||   436
         Ring mail         |    14 |       |       ||    14
         Scale mail        |     5 |     3 |       ||     8
  Dodge: Dodged            |    43 |   130 |   192 ||   365

Table legend: (Time is in decaauts)
 A = Elapsed time spent in this place.
 B = Non-inter-level travel time spent in this place.
 C = Inter-level travel time spent in this place.
 D = Time resting spent in this place.
 E = Time spent auto-exploring this place.
 F = Levels seen in this place.
 G = Mean time per level.
                   A        B        C        D        E       F      G
               +--------+--------+--------+--------+--------+-----+--------+
         Total |  11116 |  10692 |    424 |   2300 |   6341 |   9 | 1235.1 |
       Dungeon |  11100 |  10683 |    417 |   2300 |   6341 |   8 | 1387.5 |
        Temple |     16 |      9 |      7 |      0 |      0 |   1 |   16.0 |
               +--------+--------+--------+--------+--------+-----+--------+

Top non-repeatable levels by time:
     D:5: 2040 daAuts
     D:4: 1991 daAuts
     D:6: 1984 daAuts
     D:7: 1454 daAuts
     D:3: 1406 daAuts
     D:1: 1263 daAuts
     D:2: 736 daAuts
     D:8: 222 daAuts
  Temple: 16 daAuts
